 Dungeon Crawl Stone Soup version 0.24.1-1-gd1d2a07e1b (webtiles) character file.

Game seed: 463699378236317111, levelgen mode: deterministic

304 Destapler the Stinger (level 6, -6/45 HPs)
             Began as a Draconian Venom Mage on Apr 11, 2020.
             Mangled by a gnoll
             ... wielding a +1 whip of electrocution
              (16 damage)
             ... on level 3 of the Dungeon.
             The game lasted 00:20:57 (4318 turns).

Destapler the Stinger (Draconian Venom Mage)        Turns: 4318, Time: 00:20:58

Health: -6/45      AC:  6    Str: 10    XL:     6   Next: 15%
Magic:  4/9        EV: 11    Int: 17    God:
Gold:   164        SH:  3    Dex: 12    Spells: 8/9 levels left

rFire    . . .     SeeInvis .   c - +1 dagger
rCold    . . .     Gourm    .   r - +0 buckler
rNeg     . . .     Faith    .   (armour unavailable)
rPois    +         Spirit   .   (helmet restricted)
rElec    .         Reflect  .   (no cloak)
rCorr    .         Harm     .   (no gloves)
MR       .....                  (no boots)
Stlth    ++........             (no amulet)
HPRegen  0.15/turn              l - ring of poison resistance
MPRegen  0.11/turn              (no ring)

@: no status effects
A: unfitting armour, cold-blooded, AC +6
a: no special abilities


You were on level 3 of the Dungeon.
You were not hungry.

You visited 1 branch of the dungeon, and saw 3 of its levels.
You also visited: Sewer.

You collected 164 gold pieces.

Inventory:

Hand Weapons
 c - a +1 dagger (weapon)
 g - a cursed -3 whip
Missiles
 d - 3 atropa-tipped darts (quivered)
 k - 13 poisoned darts
Armour
 r - a +0 buckler (worn)
Jewellery
 l - a ring of poison resistance (left hand)
Scrolls
 f - 3 scrolls of identify
 h - a scroll of enchant weapon
 m - a scroll of blinking {unknown}
 o - a scroll of fear {unknown}
 p - 4 scrolls of teleportation {unknown}
Potions
 a - a potion of brilliance
 e - 3 potions of curing
 i - a potion of haste {unknown}
 j - a potion of degeneration {unknown}
 n - 3 potions of might {unknown}
 q - 4 potions of flight
Comestibles
 b - 5 rations


   Skills:
 - Level 1.7 Dodging
 - Level 1.7 Stealth
 - Level 2.0 Spellcasting
 - Level 3.0 Conjurations
 + Level 6.2 Poison Magic


You had 8 spell levels left.
You knew the following spells:

 Your Spells              Type           Power        Failure   Level  Hunger
a - Sting                 Conj/Pois      ###.         4%          1    #......

Your spell library contained the following spells:

 Spells                   Type           Power        Failure   Level  Hunger
 Poisonous Vapours        Pois/Air       ##....       14%         2    ###....
 Olgreb's Toxic Radiance  Pois           ###.....     24%         4    #####..
 Mephitic Cloud           Conj/Pois/Air  ##......     26%         3    ###....
 Venom Bolt               Conj/Pois      ###.......   78%         5    ######.


Dungeon Overview and Level Annotations

Branches:
Dungeon (3/15)              Sewer (visited)

Altars:


Innate Abilities, Weirdness & Mutations

Your plain brown scales are hard. (AC +6)
You cannot fit into any form of body armour.
You are cold-blooded and may be slowed by cold attacks.


Message History

The gnoll closely misses you.
Casting: Sting (safe; 4% risk of failure)
Confirm with . or Enter, or press ? or * to list all spells.
Aiming: Sting (safe; 4% risk of failure)
Press: ? - help, Shift-Dir - straight line, f/p - gnoll
Aim: a gnoll, wielding a +1 whip of electrocution (heavily wounded, poisoned)
The sting hits the gnoll.
The gnoll looks even sicker.
The gnoll is heavily wounded.
The gnoll hits you with a +1 whip of electrocution.
* * * LOW HITPOINT WARNING * * *
Casting: Sting (safe; 4% risk of failure)
Confirm with . or Enter, or press ? or * to list all spells.
Aiming: Sting (safe; 4% risk of failure)
Press: ? - help, Shift-Dir - straight line, f/p - gnoll
Aim: a gnoll, wielding a +1 whip of electrocution (heavily wounded, poisoned)
The sting misses the gnoll.
The gnoll hits you with a +1 whip of electrocution.
* * * LOW HITPOINT WARNING * * *
You are electrocuted!
You die...

####### #.....#
############ #.....#
#..........# #.....#
#..........#
#.....####..........###***
#......................,,,
#......................,,,
#.......g..............,,,
#......(.@....###...!..,,,
#......######## **#####,,,
#......# *,,** ######.####
*,*** #>.....>..# *,**,
#(........# **,*,,
#.........# *,,*⌠,
#.........# *,,*,,
#.........# *,,**,


You could see a gnoll.

Vanquished Creatures
  2 orc wizards (D:3)
  Robin (D:2)
  2 gnolls (D:2)
  6 adders
  9 oozes
  4 worms
  2 dart slugs
  3 leopard geckos
  6 orcs (D:3)
  5 giant cockroaches
  12 goblins
  12 hobgoblins
  4 jackals (Sewer)
  2 quokkas (D:3)
  18 bats
  2 frilled lizards (D:2)
  13 kobolds
  12 rats
115 creatures vanquished.

Vanquished Creatures (others)
  A plant (D:1)
1 creature vanquished.

Grand Total: 116 creatures vanquished

Notes
Turn   | Place    | Note
-------+----------+-------------------------------------------
     0 | D:1      | Destapler the Draconian Venom Mage began the quest for the
                  | Orb.
     0 | D:1      | Reached XP level 1. HP: 14/14 MP: 3/3
   206 | D:1      | Reached XP level 2. HP: 17/20 MP: 1/5
   588 | D:1      | Reached XP level 3. HP: 26/26 MP: 6/6
  1255 | D:2      | Reached skill level 4 in Poison Magic
  1313 | D:2      | Reached XP level 4. HP: 33/33 MP: 0/7
  1596 | D:2      | Noticed Robin
  1691 | D:2      | Killed Robin
  2396 | D:3      | Reached XP level 5. HP: 38/38 MP: 8/8
  2493 | D:3      | Found a glowing drain.
  2498 | Sewer    | Entered a sewer
  2557 | Sewer    | Reached skill level 5 in Poison Magic
  3920 | D:3      | Reached skill level 6 in Poison Magic
  3920 | D:3      | Reached XP level 6. HP: 25/45 MP: 2/9
  4318 | D:3      | Mangled by a gnoll

Levels and vault maps discovered:
D:1:      nicolae_arrival_memento_mori, layout_basic, lexackson_kobold_supper
D:2:      layout_basic, serial_curves, eino_curves_01, eino_curves_02,
          uniq_robin
D:3:      cheibrodos_pilgrimage, layout_basic, portal_sewer_entry_e

Skill      XL: |  1  2  3  4  5 |
---------------+----------------+-----
Conjurations   | 2 3 |  3.0
Poison Magic   | 4 6 |  6.2
Dodging        | |  1.7
Stealth        | |  1.7
Spellcasting   | |  2.0

Action                   |  1- 3 |  4- 6 || total
-------------------------+-------+-------++-------
Melee: Dagger            |   135 |   185 ||   320
       Unarmed           |     2 |       ||     2
       Tailslap          |    24 |    28 ||    52
Throw: Dart              |       |     7 ||     7
       Boomerang         |       |     2 ||     2
 Cast: Sting             |    53 |   129 ||   182
  Use: Potion            |       |     2 ||     2
       Scroll            |       |     5 ||     5
 Stab: Sleeping          |     7 |     3 ||    10
       Invisible         |       |     1 ||     1
  Eat: Chunk             |     3 |    12 ||    15
Armor: Skin              |    17 |   108 ||   125
Dodge: Dodged            |    58 |   205 ||   263
Block: Buckler           |       |     6 ||     6
